 Dungeon Crawl Stone Soup version 0.27.1-2-g3b301248ec (webtiles) character file.

Game seed: 8190446934333537379

203 snilloc10 the Sneak (level 5, -1/35 HPs)
             Began as a Demonspawn Venom Mage on Sept 22, 2021.
             Was an Initiate of Ru.
             Succumbed to a scorpion's poison
             ... on level 5 of the Dungeon.
             The game lasted 00:26:53 (4258 turns).

snilloc10 the Sneak (Demonspawn Venom Mage)         Turns: 4258, Time: 00:26:54

Health: -1/35      AC:  4    Str:  9    XL:     5   Next: 51%
Magic:  9/9        EV: 12    Int: 17    God:    Ru [......]
Gold:   187        SH:  0    Dex: 13    Spells: 2/9 levels left

rFire    . . .     SeeInvis .   f - +0 dagger (venom)
rCold    . . .     Faith    .   (no shield)
rNeg     . . .     Spirit   .   a - +0 robe
rPois    .         Reflect  .   p - +1 hat
rElec    .         Harm     .   (no cloak)
rCorr    .         Rampage  .   (no gloves)
Will     .....                  (no boots)
Stlth    +++.......             (no amulet)
HPRegen  0.11/turn              i - ring of wizardry
MPRegen  0.11/turn              k - ring of wizardry

@: lethally poisoned (-1 -> -13)
A: talons 2, sharp scales 1
a: Renounce Religion


You were on level 5 of the Dungeon.
You worshipped Ru.
Ru was noncommittal.
You visited 1 branch of the dungeon, and saw 5 of its levels.

You collected 187 gold pieces.

Inventory:

Hand Weapons
 b - a +0 whip
 d - a +0 spear
 f - a +0 dagger of venom (weapon)
 n - a +0 hunting sling
Missiles
 c - 17 bolts
 o - 52 stones
Armour
 a - a +0 robe (worn)
 p - a +1 hat (worn)
Jewellery
 e - a ring of poison resistance
 i - a ring of wizardry (left hand)
 k - a ring of wizardry (right hand)
Scrolls
 j - a scroll of silence {unknown}
 q - a scroll of identify
 r - a scroll of immolation {unknown}
Potions
 l - a potion of degeneration {unknown}
 m - a potion of resistance {unknown}


   Skills:
 + Level 1.1 Short Blades
 - Level 2.4 Dodging
 * Level 4.1 Stealth
 - Level 2.7 Spellcasting
 - Level 0.8 Transmutations
 - Level 3.7 Poison Magic


You had 2 spell levels left.
You knew the following spells:

 Your Spells              Type           Power      Damage    Failure   Level
a - Sting                 Tmut/Pois      40%        1d5       1%          1
b - Poisonous Vapours     Pois/Air       16%        N/A       3%          2
c - Olgreb's Toxic Radia  Pois           14%        N/A       11%         4

Your spell library contained the following spells:

 Spells                   Type           Power      Damage    Failure   Level
 Mephitic Cloud           Conj/Pois/Air  6%         N/A       9%          3
 Ozocubu's Armour         Ice            2%         N/A       14%         3
 Metabolic Englaciation   Hex/Ice        1%         N/A       73%         5
 Simulacrum               Ice/Necr       1%         N/A       99%         6


Dungeon Overview and Level Annotations

Branches:
Dungeon (5/15)
 Temple: D:4-7

Altars:
Gozag
Ru


Innate Abilities, Weirdness & Mutations

You have razor-sharp toenails.
You are partially covered in razor-sharp scales. (AC +1, Slay +1)


Message History

The ball python bites you.
* * * LOW HITPOINT WARNING * * *
The ball python constricts you.
You barely miss the ball python.
The ball python is heavily wounded.
The ball python bites you but does no damage.
The ball python constricts you.
A quokka comes into view.
You closely miss the ball python.
The ball python is heavily wounded.
You escape the ball python's grasp.
The ball python closely misses you. The ball python misses you.
You kill the ball python!
The quokka bites you but does no damage.
The quokka bites you.
* * * LOW HITPOINT WARNING * * *
There is a stone staircase leading down, spattered with blood here.
Your extra speed is starting to run out.
The quokka bites you but does no damage.
You climb downwards.
You hear the sound of rushing water.
There is an entrance to a sewer on this level.
Hurry and find it before the portal rusts away!
Reactivating autopickup.
There is a stone staircase leading up here.
Blink to where?
Press: ? - help, Dir - move target, f - you
Okay, then.
Unknown command.
Blink to where?
Press: ? - help, Dir - move target A scorpion and a howler monkey come into view.
As you read the scroll of blinking, it crumbles to dust.
You feel yourself slow down.
The howler monkey howls!
The scorpion stings you.
* * * LOW HITPOINT WARNING * * *
You are lethally poisoned!
The scorpion poisons you!
You barely miss the scorpion.
You die...

##########
#.....@s.#
#.######.## #
#..##
##.######...##
#...<.#......####
#..##....≈h≈.≈..#
#.
###..≈....#.### #
###....≈.......
...........####


You could see a scorpion.

Vanquished Creatures
  A bullfrog skeleton (D:4)
  A hound (D:4)
  Natasha (twice) (D:2)
  3 adders
  An adder skeleton (D:4)
  2 dart slugs (D:1)
  3 orcs
  7 bats
  4 endoplasms
  4 giant cockroaches
  5 goblins
  3 hobgoblins
  4 jackals (D:2)
  7 ball pythons
  A frilled lizard (D:3)
  5 kobolds
  4 rats
57 creatures vanquished.

Notes
Turn   | Place    | Note
-------+----------+-------------------------------------------
     0 | D:1      | snilloc10 the Demonspawn Venom Mage began the quest for the
                  | Orb.
     0 | D:1      | Reached XP level 1. HP: 13/13 MP: 3/3
    14 | D:1      | Found a faded altar of an unknown god.
   104 | D:1      | Reached skill level 2 in Stealth
   215 | D:1      | Gained mutation: You are partially covered in razor-sharp
                  | scales. (AC +1, Slay +1) [demonic ancestry]
   215 | D:1      | Reached XP level 2. HP: 16/19 MP: 1/5
   259 | D:1      | Learned a level 2 spell: Poisonous Vapours
  1174 | D:1      | Reached XP level 3. HP: 19/24 MP: 4/6
  2645 | D:2      | Noticed Natasha
  2871 | D:2      | Killed Natasha
  2872 | D:2      | Gained mutation: You have sharp toenails. [demonic
                  | ancestry]
  2872 | D:2      | Reached XP level 4. HP: 20/30 MP: 0/8
  3064 | D:2      | Noticed Natasha
  3075 | D:2      | Killed Natasha
  3076 | D:2      | Reached skill level 3 in Stealth
  3275 | D:2      | Learned a level 4 spell: Olgreb's Toxic Radiance
  3472 | D:3      | Found an opulent altar of Gozag.
  3826 | D:4      | Gained mutation: You have razor-sharp toenails. [demonic
                  | ancestry]
  3826 | D:4      | Reached XP level 5. HP: 15/35 MP: 3/9
  4149 | D:4      | Found a sacrificial altar of Ru.
  4158 | D:4      | Became a worshipper of Ru the Awakened
  4184 | D:4      | Reached skill level 1 in Short Blades
  4184 | D:4      | Reached skill level 4 in Stealth
  4247 | D:5      | Entered Level 5 of the Dungeon
  4258 | D:5      | Succumbed to a scorpion's poison

Illustrated notes

Levels and vault maps discovered:
D:1:      psy_arrival_radial01, layout_basic, ebering_ecumenical_altar_hall,
          chequers_avenue, minmay_pentomino_s4
D:2:      layout_basic, uniq_natasha
D:3:      layout_rooms, nicolae_gozag_seed_capital
D:4:      kennysheep_big_flooded_room, layout_cave_pods,
          nicolae_ru_awakened_eye, uniq_robin
D:5:      layout_loops_corners, slow_altar_2, grunt_dithmenos_shadows,
          minmay_temple_entry_offerings, portal_sewer_entry_e,
          chequers_serial_rivers_micro_c, hangedman_abyss_or_decor_lesser_grid,
          minmay_misc_feat_square, uniq_blork_the_orc, uniq_menkaure

Skill      XL: |  1  2  3  4  5 |
---------------+----------------+-----
Stealth        | 2 3 4 |  4.1
Dodging        | 2 |  2.4
Short Blades   | 1 |  1.1
Spellcasting   | |  2.7
Transmutations | |  0.8
Poison Magic   | |  3.7

Action                   |  1- 3 |  4- 6 || total
-------------------------+-------+-------++-------
Melee: Whip              |    21 |       ||    21
       Dagger            |    57 |    48 ||   105
       Spear             |    10 |       ||    10
       Kick              |       |    12 ||    12
 Cast: Sting             |    32 |     6 ||    38
       Poisonous Vapours |     3 |    18 ||    21
  Use: Scroll            |     2 |     3 ||     5
       Potion            |       |     1 ||     1
 Stab: Sleeping          |     5 |       ||     5
Armor: Robe              |    27 |    10 ||    37
Dodge: Dodged            |    56 |    29 ||    85
